Map: Automaton LE

Players

Elazer - Winner!

  • Race: Zerg Zerg
  • Spawn Location: 3:00

Harstem

  • Race: Protoss Protoss
  • League: Grandmaster
  • Spawn Location: 9:00

Event: 2019 WCS Winter Europe

VOD

Have the link to the VOD?

Description

Time

  • Played on: Feb. 2, 2019, 11:10 a.m.
  • Length: 11:15

All games in this series

Show
View Real Time Build Order
Export as new Build Order

Elazer Zerg - Winner!

Build Orders: Hatch First 

Get SALT Encoding   

  12  0:00  Drone  
  13  0:12  Overlord  
  13  0:17  Drone  
  14  0:31  Drone x2  
  16  0:49  Hatchery  
  15  0:52  Drone  
  15  0:56  Drone  
  17  0:59  Drone  
  18  1:10  Extractor  
  17  1:14  Spawning Pool  
  17  1:18  Drone  
  17  1:21  Drone  
  18  1:28  Drone  
  19  1:38  Drone  
  20  1:50  Drone  
  21  1:59  Overlord  
  21  2:01  Queen x2  
  21  2:02  Zergling x2  
  26  2:11  Drone  
  26  2:12  Drone  
  28  2:22  Zergling x2  
  29  2:23  Drone  
  30  2:36  Drone x2  
  32  2:38  Hatchery  
  32  2:43  Queen  
  33  2:48  Overlord  
  33  2:52  Drone  
  33  2:53  Drone  
  33  2:55  Drone  
  36  3:11  Drone  
  36  3:12  Drone  
  38  3:13  Drone x4  
  38  3:14  Overlord  
  38  3:19  Queen  
  44  3:30  Spore Crawler, Drone  
  44  3:33  Drone x2  
  44  3:34  Drone x2  
  48  3:42  Spore Crawler  
  48  3:44  Drone x4  
  48  3:48  Roach Warren  
  50  3:51  Spore Crawler  
  50  3:52  Drone  
  50  3:54  Drone  
  51  3:59  Queen  
  53  4:03  Extractor, Drone x2  
  53  4:09  Overlord  
  54  4:12  Extractor, Drone x2  
  54  4:15  Drone x2  
  57  4:21  Overlord  
  57  4:22  Drone  
  58  4:29  Lair  
  58  4:30  Drone x4  
  62  4:34  Overlord  
  62  4:39  Roach  
  62  4:40  Roach  
  62  4:45  Drone x3  
  69  4:54  Roach  
  69  4:55  Roach x5  
  69  4:59  Evolution Chamber  
  80  5:02  Drone  
  81  5:07  Drone  
  81  5:10  Overlord  
  82  5:14  Overlord  
  82  5:18  Spore Crawler  
  82  5:19  Spore Crawler  
  80  5:21  Spore Crawler  
  80  5:23  Drone x3  
  80  5:28  Overlord  
  82  5:29  Zerg Missile Weapons Level 1  
  82  5:30  Drone x8  
  82  5:33  Queen  
  89  5:37  Queen  
  89  5:41  Queen  
  92  5:46  Drone x4  
  96  5:52  Extractor, Hydralisk Den, Drone x2  
  96  5:54  Drone  
  96  5:55  Extractor  
  96  5:56  Drone x2  
  98  6:01  Overlord  
  98  6:06  Spore Crawler, Drone  
  98  6:12  Drone  
  98  6:22  Grooved Spines  
  98  6:25  Overlord  
  98  6:27  Infestation Pit  
  98  6:28  Hydralisk  
  98  6:30  Overlord  
  97  6:38  Overlord  
  97  6:39  Drone x5  
  98  6:48  Extractor  
  98  6:50  Drone x9  
  98  6:53  Glial Reconstitution  
  106  6:54  Overlord  
  106  6:57  Drone x2  
  108  7:03  Hydralisk x3  
  108  7:07  Overlord  
  114  7:14  Hive  
  114  7:17  Spire  
  114  7:18  Overlord  
  112  7:27  Overlord  
  112  7:28  Hydralisk x5, Zerg Missile Weapons Level 2  
  122  7:36  Overlord, Hatchery  
  120  7:39  Overlord  
  120  7:40  Hydralisk x4  
  128  7:44  Overlord  
  128  7:46  Drone x3  
  131  7:54  Overlord  
  131  7:55  Drone x2  
  131  7:58  Muscular Augments  
  133  8:00  Drone x2  
  133  8:04  Drone x3  
  137  8:10  Overlord  
  137  8:14  Overlord  
  137  8:15  Hydralisk x5  
  137  8:16  Spore Crawler x2  
  145  8:21  Overlord, Extractor  
  145  8:23  Overlord  
  145  8:26  Extractor  
  143  8:31  Hydralisk, Overlord, Greater Spire  
  143  8:32  Hydralisk x2  
  147  8:37  Corruptor  
  149  8:49  Corruptor x3  
  155  8:56  Corruptor x3  
  161  9:07  Corruptor x2  
  161  9:09  Overlord  
  165  9:12  Overlord  
  162  9:21  Drone x6  
  164  9:24  Corruptor  
  160  9:42  Hatchery  
  159  9:48  Corruptor x7  
  169  10:05  Pathogen Glands  
  169  10:06  Overlord  
  169  10:13  Overseer  
  169  10:14  Pneumatized Carapace  
  169  10:15  Overseer x2  
  169  10:16  Overseer  
  169  10:19  Drone x9  
  169  10:20  Drone  
  179  10:22  Drone x2  
  179  10:24  Drone x2  
  179  10:25  Extractor  
  179  10:26  Drone  
  179  10:28  Extractor, Drone  
  184  10:32  Overlord  
Show
View Real Time Build Order
Export as new Build Order

Harstem Protoss 

Build Orders: 1 Gate Expand, Oracle Opening, Phoenix Opening, Carriers, Mass Phoenix 

Get SALT Encoding   

  12  0:00  Probe  
  13  0:12  Probe  
  14  0:18  Pylon  
  14  0:24  Probe  
  15  0:32  Assimilator, Probe  
  15  0:40  Probe  
  16  0:48  Gateway  
  17  0:51  Probe  
  18  1:03  Probe  
  19  1:15  Probe  
  20  1:26  Nexus  
  20  1:37  Cybernetics Core  
  20  1:39  Probe  
  21  1:49  Assimilator  
  21  1:52  Probe  
  22  1:56  Pylon  
  22  2:04  Probe, Adept  
  25  2:16  Probe  
  25  2:17  Stargate  
  26  2:24  Probe  
  27  2:33  Probe  
  27  2:34  Adept  
  30  2:38  Probe  
  31  2:44  Protoss Air Weapons Level 1  
  31  2:45  Probe  
  31  2:46  Probe  
  33  2:52  Assimilator  
  33  2:54  Probe  
  33  2:57  Probe  
  35  3:04  Phoenix  
  37  3:08  Probe  
  37  3:12  Probe  
  39  3:15  Assimilator  
  39  3:16  Probe  
  39  3:20  Pylon  
  39  3:24  Probe x2  
  39  3:26  Oracle  
  45  3:36  Probe  
  45  3:38  Probe  
  45  3:40  Gateway  
  47  3:48  Probe  
  48  3:50  Probe, Pylon  
  49  3:56  Stargate  
  49  4:00  Probe  
  49  4:01  Phoenix  
  49  4:02  Probe  
  53  4:12  Probe  
  53  4:14  Probe  
  55  4:18  Pylon  
  55  4:21  Phoenix  
  55  4:24  Probe  
  55  4:26  Probe  
  59  4:32  Zealot  
  59  4:36  Probe  
  59  4:37  Phoenix  
  62  4:38  Warp Gate  
  62  4:39  Phoenix, Pylon  
  64  4:49  Pylon  
  66  5:00  Phoenix  
  66  5:04  Phoenix  
  70  5:09  Nexus  
  70  5:11  Pylon  
  70  5:15  Pylon  
  70  5:17  Phoenix  
  70  5:20  Stalker  
  74  5:29  Phoenix  
  74  5:35  Stalker  
  78  5:38  Probe  
  78  5:41  Pylon  
  79  5:44  Phoenix  
  82  5:50  Probe  
  82  5:51  Phoenix, Probe, Pylon  
  82  5:54  Forge  
  83  6:02  Probe  
  83  6:03  Probe  
  87  6:13  Probe  
  87  6:15  Probe  
  87  6:16  Fleet Beacon  
  87  6:18  Phoenix, Probe  
  91  6:21  Probe  
  91  6:36  Phoenix  
  91  6:39  Probe  
  89  6:43  Phoenix  
  89  6:44  Probe x2  
  92  6:47  Probe  
  92  6:53  Protoss Air Weapons Level 2  
  93  6:56  Probe x3  
  93  6:58  Assimilator  
  96  7:01  Assimilator  
  96  7:08  Probe x3, Carrier  
  102  7:12  Pylon  
  102  7:15  Pylon  
  105  7:19  Carrier  
  105  7:20  Probe x3  
  106  7:31  Photon Cannon  
  106  7:32  Probe  
  106  7:33  Photon Cannon  
  113  7:44  Stargate, Probe  
  114  7:46  Probe  
  114  7:48  Photon Cannon  
  115  7:53  Photon Cannon  
  115  7:58  Nexus  
  115  8:06  Pylon  
  115  8:12  Carrier  
  121  8:13  Probe, Carrier  
  121  8:16  Photon Cannon  
  121  8:19  Probe  
  123  8:23  Probe  
  124  8:28  Carrier  
  136  8:34  Adept  
  136  8:35  Photon Cannon  
  136  8:37  Photon Cannon  
  136  8:38  Shield Battery  
  138  8:47  Probe x2  
  138  8:48  Probe  
  141  8:50  Pylon  
  141  8:52  Assimilator  
  141  8:57  Assimilator  
  141  8:59  Probe  
  141  9:02  Probe  
  141  9:13  Carrier  
  141  9:16  Carrier  
  151  9:19  Probe  
  150  9:25  Probe  
  150  9:29  Zealot x2  
  153  9:32  Carrier  
  153  9:34  Photon Cannon, Probe  
  153  9:36  Photon Cannon  
  151  9:41  Probe  
  148  9:47  Probe  
  148  9:49  Pylon  
  148  9:50  Probe  
  148  9:51  Pylon  
  150  9:55  Probe  
  150  9:56  Twilight Council  
  150  9:57  Pylon  
  151  10:00  Pylon  
  151  10:07  Shield Battery  
  152  10:08  Pylon  
  152  10:10  Pylon  
  152  10:11  Pylon  
  159  10:14  Void Ray  
  159  10:16  Shield Battery  
  159  10:19  Shield Battery  
  165  10:22  Photon Cannon  
  169  10:39  Cybernetics Core  
  152  11:02  Zealot x2  
Tags
 
Add a new tag
Caveats
  • Supply blocks, unpowered buildings, or Contaminate may cause inaccurate times.
  • Supply counts are checked every 10 seconds.